 Dungeon Crawl Stone Soup version 0.18-a0-1347-gb9e2fb4 (webtiles) character file.

7902 Gorice the Carver (level 11, -4/115 HPs)
             Began as a Demonspawn Abyssal Knight on Feb 16, 2016.
             Was a High Priest of Lugonu.
             Slain by a spiny frog (10 damage)
             ... on level 1 of the Lair of Beasts on Feb 17, 2016.
             The game lasted 00:56:11 (13389 turns).

Gorice the Carver (Demonspawn Abyssal Knight)      Turns: 13389, Time: 00:56:11

Health: -4/115     AC: 25    Str: 18    XL:     11   Next: 2%
Magic:  14/14      EV:  2    Int: 16    God:    Lugonu [*****.]
Gold:   477        SH:  0    Dex: 12    Spells: 0 memorised, 10 levels left

rFire  + . .     SeeInvis +     b - +0 hunting sling
rCold  . . .     Gourm    .     (armour currently unavailable)
rNeg   + + +     Faith    .     (no shield)
rPois  +         Spirit   .     (helmet currently unavailable)
rElec  .         Dismiss  .     (cloak currently unavailable)
rCorr  .         Reflect  .     (gloves currently unavailable)
SustAt .         Harm     .     (boots currently unavailable)
MR     .....     NoTele   +     (no amulet)
Stlth  +.........               r - ring of protection from fire
                                j - ring of see invisible

@: tree-form, not resistant to hostile enchantments, very unstealthy
A: (claws 0), (horns 0), clever 1, powered by pain 3, strong 1, rot immunity
a: Depart the Abyss, Bend Space, Banish, Corrupt, Enter the Abyss, Renounce
Religion


You were on level 1 of the Lair of Beasts.
You worshipped Lugonu.
Lugonu was extremely pleased with you.
You were hungry.
You were a tree.
You visited 3 branches of the dungeon, and saw 12 of its levels.
You visited the Abyss 1 time.
You also visited: Ossuary.

You collected 477 gold pieces.

Inventory:

Hand Weapons
 a - a +1 scimitar
 b - a +0 hunting sling (weapon)
 u - a +1 antimagic dagger
   (You took it off a goblin on level 4 of the Dungeon)
 B - a +0 blowgun
Missiles
 f - 53 poisoned needles
 t - 98 sling bullets (quivered)
 z - 6 curare-tipped needles
 G - 22 bolts of penetration
 P - 7 javelins
 Y - a throwing net
 Z - 304 stones
Armour
 v - a +0 plate armour (melded)
 N - a +4 scale mail
 O - a +0 cloak (melded)
Jewellery
 d - an uncursed ring of magical power
 j - a ring of see invisible (left branch)
 r - a ring of protection from fire (right branch)
 F - an uncursed amulet of faith {!P}
Wands
 p - a wand of iceblast (11/15)
 w - a wand of polymorph (3/24)
 A - a wand of acid (4/15)
 I - a wand of slowing (13/48)
 J - a wand of teleportation (3/9) {!d}
Scrolls
 g - a scroll of noise {unknown}
 l - a scroll of enchant armour
 H - 2 scrolls of recharging
 M - a scroll of remove curse
 Q - 2 scrolls of magic mapping {!r}
 S - a scroll of enchant weapon
Potions
 h - 3 potions of brilliance {!q}
 k - a potion of flight
 m - 2 potions of curing
 o - 3 potions of ambrosia {!q}
 s - a potion of resistance {!q}
 x - a potion of cancellation {!q}
 C - a potion of might {!q}
 D - a potion of magic {unknown}
 R - a potion of lignification {!q}
Books
 V - a book of Air
Comestibles
 c - 11 bread rations {!e}
 i - 3 meat rations {!e}
 n - 5 beef jerkies
 q - 28 chunks of flesh
 K - 7 slices of pizza
 L - 5 fruits


   Skills:
 - Level 4.2 Fighting
 * Level 12.0 Long Blades
 + Level 8.9 Armour
 - Level 2.7 Dodging
 - Level 4.6 Invocations


You had 10 spell levels left.
You didn't know any spells.

Dungeon Overview and Level Annotations

Branches:
Dungeon (10/15)            Temple (1/1) D:7            Lair (1/8) D:10
    Orc: D:9-12

Altars:
Ashenzari
Cheibriados
Dithmenos
Elyvilon
Fedhas
Gozag
Kikubaaqudgha
Makhleb
Nemelex Xobeh
Okawaru
Pakellas
Qazlal
Ru
Sif Muna
Trog
Vehumet
Xom
Yredelemnul
Zin
The Shining One

Annotations:
Lair:1 exclusion: oklob plant


Innate Abilities, Weirdness & Mutations

((You have very sharp fingernails.))
((You have a pair of small horns on your head.))
You are powered by pain.
You are immune to rotting.
Your mind is acute. (Int +2)
Your muscles are strong. (Str +2)


Message History

Your roots penetrate the ground.
You feel strangely stable.
* * * LOW HITPOINT WARNING * * *
You feel very sick. The porcupine barely misses you.
The black mamba bites you but does no damage.
The spiny frog stings you!
* * * LOW HITPOINT WARNING * * *
The porcupine barely misses you.
The black mamba bites you but does no damage.
Damage: 6 (max 14) Unknown command.
Unknown command.
Drink which item? (? for menu, Esc to quit)
You feel better.
The spiny frog stings you but does no damage.
The black mamba bites you but does no damage.
The porcupine bites you but does no damage.
Evoke which item? (* to show all) (? for menu, Esc to quit)
Zapping:
A - a wand of acid (will waste charges)
Press: ? - help, Shift-Dir - straight line, f/p - black mamba
Aim: a black mamba The bolt of acid hits the black mamba.
The acid corrodes the black mamba!
The black mamba is moderately wounded.
The bolt of acid hits the yak.
The acid corrodes the yak!
The yak is moderately wounded.
Evoking this partially-identified wand wasted a few charges.
The black mamba barely misses you.
The spiny frog stings you but does no damage.
The black mamba bites you.
* * * LOW HITPOINT WARNING * * *
The porcupine bites you but does no damage.
The spiny frog stings you but does no damage.
Damage: 3 (max 14) Unknown command.
You cannot move.
Evoke which item? (* to show all) (? for menu, Esc to quit)
Zapping:
A - a wand of acid {zapped: 3} (will waste charges)
Press: ? - help, Shift-Dir - straight line, f/p - black mamba
Aim: a black mamba (moderately wounded, covered in acid)
The bolt of acid hits the black mamba.
The acid corrodes the black mamba!
The black mamba is heavily wounded.
The bolt of acid hits the yak.
The acid corrodes the yak!
The yak is severely wounded.
Evoking this partially-identified wand wasted a few charges.
The black mamba bites you but does no damage.
The porcupine bites you but does no damage.
The black mamba bites you.
* * * LOW HITPOINT WARNING * * *
The spiny frog stings you!
You die...

###.....#..#
#P......÷#..#
##......##.#.# ..PP
#P......##..#...)PP
##........#..##...PP
#.......≈♣##..#....(
###.......♣P♣♣#...P..
#........≈≈≈≈.#...##
..........♣≈≈♣.....#..
...........♣rSF.....#
.............Y........
......................
.###..................
#...................
.....................
.........>............
......###.#...>.......


You could see a black mamba, a yak, a spiny frog and a porcupine.

Vanquished Creatures
  The ghost of anything the Covert, a novice OpAs of Dithmenos (D:10)
  Pikel (D:5)
  Joseph (D:7)
  A troll (D:7)
  The ghost of M4edhros the Sneak, an amateur OpMo of Cheibriados (Ossuary)
  8 yaks
  2 hogs (D:8)
  A wyvern (D:10)
  A human (D:8)
  A hippogriff (D:7)
  2 orc warriors
  3 sky beasts
  3 ice beasts
  2 ogres
  A necrophage (D:10)
  A phantom (D:10)
  2 eyes of draining (D:4)
  4 centaurs
  2 crocodiles
  A big kobold (D:9)
  5 giant frogs
  4 water moccasin zombies (Ossuary)
  6 scorpions
  A wyvern skeleton (D:9)
  2 centaur zombies
  3 crimson imps
  7 hounds
  Crazy Yiuf (D:7)
  2 giant frog skeletons (D:10)
  4 jellies
  7 orc wizards
  A centaur skeleton (D:6)
  4 orc priests
  3 iguanas (D:8)
  2 hell rats (D:9)
  6 worker ants
  A killer bee zombie (D:8)
  2 big kobold zombies (Ossuary)
  8 sheep
  A hound skeleton (D:6)
  2 mummies (Ossuary)
  2 gnolls (D:6)
  12 adders
  3 river rats (D:9)
  A shadow imp (D:5)
  2 oozes
  6 adder zombies (Ossuary)
  2 worms
  6 giant geckos
  24 orcs
  2 ball pythons (D:1)
  12 bats
  7 giant cockroaches
  7 hobgoblins
  13 jackals
  9 quokkas
  7 giant newts
  3 gnoll zombies (Ossuary)
  9 goblins
  5 hobgoblin zombies (Ossuary)
  A jackal zombie (D:6)
  11 kobolds
  3 kobold zombies (Ossuary)
  3 orc zombies (Ossuary)
  A quokka zombie (D:5)
  9 rats
271 creatures vanquished.

Vanquished Creatures (others)
  A slave (D:5)
  An orc priest (D:6)
  2 gnolls (D:6)
  2 orcs (D:6)
  A hobgoblin zombie (Ossuary)
7 creatures vanquished.

Grand Total: 278 creatures vanquished

Notes
Turn   | Place    | Note
--------------------------------------------------------------
     0 | Abyss:1  | Gorice the Demonspawn Abyssal Knight began the quest for the Orb.
     0 | Abyss:1  | Reached XP level 1. HP: 18/18 MP: 2/2
    53 | D:1      | Escaped the Abyss
   156 | D:1      | Reached skill level 2 in Long Blades
   165 | D:1      | Reached skill level 1 in Dodging
   372 | D:1      | Gained mutation: You have sharp fingernails. [demonic ancestry]
   372 | D:1      | Reached XP level 2. HP: 12/24 MP: 3/3
   592 | D:1      | Reached skill level 2 in Armour
   661 | D:1      | Reached ** piety under Lugonu
   739 | D:1      | Gained mutation: You sometimes gain a little power by taking damage. [demonic ancestry]
   739 | D:1      | Reached XP level 3. HP: 19/29 MP: 4/4
  1353 | D:2      | Found a deep blue altar of Sif Muna.
  1486 | D:2      | Found an opulent altar of Gozag.
  1487 | D:2      | Found a glowing silver altar of Zin.
  1676 | D:2      | Found a stormy altar of Qazlal.
  2270 | D:2      | Found a blossoming altar of Fedhas.
  2317 | D:3      | Gained mutation: Your mind is acute. (Int +2) [potion of beneficial mutation]
  2318 | D:3      | Gained mutation: Your muscles are strong. (Str +2) [potion of beneficial mutation]
  2423 | D:3      | Reached XP level 4. HP: 35/35 MP: 6/6
  2442 | D:3      | Found a glowing golden altar of the Shining One.
  2605 | D:3      | Found a white marble altar of Elyvilon.
  2661 | D:3      | Found a faded altar to an unknown god.
  2697 | D:3      | Reached skill level 2 in Dodging
  2818 | D:3      | HP: 7/36 [scorpion (7)]
  2820 | D:3      | HP: 3/36 [scorpion (2)]
  2823 | D:3      | Reached skill level 3 in Invocations
  3377 | D:4      | Reached *** piety under Lugonu
  3377 | D:4      | Gained mutation: You are immune to rotting. [demonic ancestry]
  3377 | D:4      | Reached XP level 5. HP: 37/42 MP: 7/7
  3618 | D:4      | Found a bloodstained altar of Trog.
  3618 | D:4      | Noticed an eye of draining
  3618 | D:4      | Noticed an eye of draining
  3645 | D:4      | Killed an eye of draining
  3645 | D:4      | Reached skill level 4 in Fighting
  3645 | D:4      | Reached skill level 3 in Long Blades
  3658 | D:4      | Killed an eye of draining
  3658 | D:4      | Reached skill level 4 in Invocations
  3658 | D:4      | Gained mutation: You have very sharp fingernails. [demonic ancestry]
  3658 | D:4      | Reached XP level 6. HP: 48/48 MP: 0/9
  3951 | D:4      | Reached skill level 3 in Armour
  4156 | D:5      | Entered Level 5 of the Dungeon
  4178 | D:5      | Found a shimmering altar of Xom.
  4459 | D:5      | Found a sand-covered staircase.
  4464 | Ossuary  | Entered an ossuary
  4504 | Ossuary  | Reached skill level 4 in Long Blades
  4504 | Ossuary  | Gained mutation: You sometimes gain power by taking damage. [demonic ancestry]
  4504 | Ossuary  | Reached XP level 7. HP: 42/54 MP: 10/10
  4541 | Ossuary  | HP: 14/54 [water moccasin zombie (5)]
  4548 | Ossuary  | HP: 14/54 [poison (a needle trap)]
  4948 | Ossuary  | Reached **** piety under Lugonu
  5054 | Ossuary  | Noticed M4edhros's ghost (amateur OpMo)
  5067 | Ossuary  | Killed M4edhros's ghost
  5067 | Ossuary  | Reached skill level 5 in Long Blades
  5067 | Ossuary  | Reached skill level 4 in Armour
  5259 | D:5      | Noticed Pikel
  5692 | D:5      | Killed Pikel
  5692 | D:5      | Reached skill level 6 in Long Blades
  5692 | D:5      | Reached skill level 5 in Armour
  5692 | D:5      | Gained mutation: You have a pair of small horns on your head. [demonic ancestry]
  5692 | D:5      | Reached XP level 8. HP: 45/60 MP: 11/11
  5890 | D:6      | Found a glowing golden altar of the Shining One.
  5907 | D:5      | Reached skill level 7 in Long Blades
  6624 | D:6      | HP: 17/60 [sky beast (6)]
  6967 | D:6      | Found a shattered altar of Ashenzari.
  7029 | D:6      | Found a snail-covered altar of Cheibriados.
  7311 | D:6      | Found an oddly glowing altar of Pakellas.
  7587 | D:7      | Reached skill level 8 in Long Blades
  7599 | D:7      | Reached XP level 9. HP: 47/65 MP: 12/12
  7703 | D:7      | Noticed a troll
  7728 | D:7      | Reached skill level 6 in Armour
  7747 | D:7      | Killed a troll
  8004 | D:7      | Found a staircase to the Ecumenical Temple.
  8017 | Temple   | Entered the Ecumenical Temple
  8208 | D:7      | Reached skill level 9 in Long Blades
  8232 | D:7      | Reached ***** piety under Lugonu
  8473 | D:7      | Noticed Crazy Yiuf
  8494 | D:7      | Killed Crazy Yiuf
  8606 | D:7      | Noticed Joseph
  8627 | D:7      | Killed Joseph
  8950 | D:7      | Found an ancient bone altar of Kikubaaqudgha.
  9079 | D:8      | Reached skill level 7 in Armour
  9179 | D:8      | Upgraded the game from 0.18-a0-1343-g48c8f86 to 0.18-a0-1347-gb9e2fb4
  9233 | D:8      | Reached skill level 10 in Long Blades
  9545 | D:8      | Gained mutation: You are powered by pain. [demonic ancestry]
  9545 | D:8      | Reached XP level 10. HP: 50/72 MP: 13/13
 10667 | D:9      | Reached skill level 8 in Armour
 10672 | D:9      | HP: 21/72 [yak (7)]
 10673 | D:9      | HP: 10/72 [yak (11)]
 10680 | D:9      | Reached skill level 11 in Long Blades
 10688 | D:9      | HP: 13/72 [yak (11)]
 11286 | D:9      | Found a radiant altar of Vehumet.
 11656 | D:10     | Entered Level 10 of the Dungeon
 11656 | D:10     | Found a staircase to the Lair.
 11658 | D:10     | Noticed anything's ghost (novice OpAs)
 12147 | D:10     | Killed anything's ghost
 12363 | D:10     | HP: 21/72 [crocodile (7)]
 12365 | D:10     | HP: 7/72 [crocodile (6)]
 13255 | Lair:1   | Entered Level 1 of the Lair of Beasts
 13265 | Lair:1   | Reached ****** piety under Lugonu
 13265 | Lair:1   | Reached skill level 12 in Long Blades
 13265 | Lair:1   | Reached XP level 11. HP: 73/77 MP: 14/14
 13381 | Lair:1   | Noticed an oklob plant
 13384 | Lair:1   | HP: 12/77 [spiny frog (12)]
 13386 | Lair:1   | HP: 5/115 [spiny frog (9)]
 13389 | Lair:1   | Slain by a spiny frog

Vault maps used:
D:1:      dpeg_arrival_snail, serial_forest, infiniplex_forest_end_1,
          infiniplex_forest_straight_2, infiniplex_forest_clump_double,
          infiniplex_forest_end_double, infiniplex_forest_end_1,
          minmay_misc_feat_hallway, st_stairs_5, kennysheep_doodads
D:2:      grunt_temple_overflow_gold_and_silver, fedhas_altar_4,
          lemuel_coloured_pillars_altar, lemuel_round_altar
D:3:      lemuel_doored_altar, tso_altar, ecumenical_altar_2
D:4:      trog_eyes_of_draining, first_bread
D:5:      overflow_temple_1_default, enter_ossuary_2, kennysheep_dice,
          uniq_pikel
D:6:      kennysheep_mini_moat, nicolae_overflow_crystal_walls,
          cheibrodos_ashenzari_chains, basic_altar, serial_glass,
          glass_columns_c, glass_columns_b, lemuel_old_faithful
D:7:      kiku_gazebo_garden_becter, minmay_temple_entry_grid, uniq_joseph,
          uniq_crazy_yiuf_cottage
D:8:      grunt_livestock, st_stairs_14
D:9:      lemuel_crystal_altar
D:10:     dpeg_lair_monsters
Temple:   circular_temple_6
Lair:1:   st_stairs_9, nicolae_quartered_pool_little, serial_bayou_pond_d,
          minmay_lair_oklob_bushes
Ossuary:  ossuary_tomb_2

Action                   |  1- 3 |  4- 6 |  7- 9 | 10-12 || total
-------------------------+-------+-------+-------+-------++-------
Melee: Falchion          |   181 |   137 |    56 |       ||   374
       Scimitar          |       |   112 |   498 |   414 ||  1024
 Fire: Hunting sling     |       |       |    17 |    11 ||    28
       Blowgun           |       |       |       |    27 ||    27
Throw: Stone             |     1 |     6 |    37 |       ||    44
       Javelin           |       |       |     4 |    10 ||    14
Invok: Banish            |       |       |       |     1 ||     1
Evoke: Wand              |       |       |     4 |     3 ||     7
  Use: Scroll            |     7 |     3 |     9 |     6 ||    25
       Potion            |     2 |     3 |     5 |     5 ||    15
  Eat: Chunk             |     4 |     8 |    12 |    12 ||    36
       Meat ration       |       |       |     1 |       ||     1

Table legend:
 A = Turns spent in this place as a percentage of turns spent in the entire game.
 B = Non-inter-level travel turns spent in this place as a percentage of non-inter-level travel turns spent in the entire game.
 C = Inter-level travel turns spent in this place as a percentage of turns spent in this place.
 D = Turns resting spent in this place as a percentage of non-inter-level travel turns spent in this place.
 E = Turns spent auto-exploring this place as a percentage of non-inter-level travel turns spent in this place.
 F = Non-inter-level travel turns spent in this place divided by the number of levels of this place that you've seen.
                   A       B       C       D       E      F
               +-------+-------+-------+-------+-------+----------------------
         Total | 100.0 | 100.0 |   0.4 |   2.9 |   3.8 | 358.1
       Dungeon |  89.6 |  89.5 |   0.4 |   2.8 |   4.1 | 448.9
        Temple |   0.2 |   0.2 |  11.1 |   0.0 |  87.5 |   8.0
          Lair |   2.6 |   2.6 |   0.0 |   0.0 |   0.8 | 129.0
         Abyss |   1.1 |   1.1 |   0.0 |   0.0 |   0.0 |  55.0
       Ossuary |   6.6 |   6.6 |   0.0 |   5.1 |   0.0 | 332.0
               +-------+-------+-------+-------+-------+----------------------

Vault maps used:
D:1:      dpeg_arrival_snail, serial_forest, infiniplex_forest_end_1,
          infiniplex_forest_straight_2, infiniplex_forest_clump_double,
          infiniplex_forest_end_double, infiniplex_forest_end_1,
          minmay_misc_feat_hallway, st_stairs_5, kennysheep_doodads
D:2:      grunt_temple_overflow_gold_and_silver, fedhas_altar_4,
          lemuel_coloured_pillars_altar, lemuel_round_altar
D:3:      lemuel_doored_altar, tso_altar, ecumenical_altar_2
D:4:      trog_eyes_of_draining, first_bread
D:5:      overflow_temple_1_default, enter_ossuary_2, kennysheep_dice,
          uniq_pikel
D:6:      kennysheep_mini_moat, nicolae_overflow_crystal_walls,
          cheibrodos_ashenzari_chains, basic_altar, serial_glass,
          glass_columns_c, glass_columns_b, lemuel_old_faithful
D:7:      kiku_gazebo_garden_becter, minmay_temple_entry_grid, uniq_joseph,
          uniq_crazy_yiuf_cottage
D:8:      grunt_livestock, st_stairs_14
D:9:      lemuel_crystal_altar
D:10:     dpeg_lair_monsters
Temple:   circular_temple_6
Lair:1:   st_stairs_9, nicolae_quartered_pool_little, serial_bayou_pond_d,
          minmay_lair_oklob_bushes
Ossuary:  ossuary_tomb_2
